 Dungeon Crawl Stone Soup version 0.18-a0-1180-g64ccc1e (webtiles) character file.

58 tof the Skirmisher (level 3, -8/34 HPs)
             Began as a Minotaur Fighter on Jan 27, 2016.
             Killed by nerve-wracking pain
             ... invoked by a shadow imp
             ... summoned by Natasha
              (12 damage)
             ... on level 3 of the Dungeon.
             The game lasted 00:03:21 (1586 turns).

tof the Skirmisher (Minotaur Fighter)               Turns: 1586, Time: 00:03:21

Health: -8/34      AC: 10    Str: 20    XL:     3   Next: 76%
Magic:  2/2        EV:  5    Int:  5    God:
Gold:   165        SH:  9    Dex: 10    Spells: 0 memorised, 2 levels left

rFire  . . .     SeeInvis .     a - +0 trident
rCold  . . .     Gourm    .     h - +0 chain mail
rNeg   . . .     Faith    .     c - +0 shield
rPois  .         Spirit   .     (helmet restricted)
rElec  .         Dismiss  .     n - +0 cloak
rCorr  .         Reflect  .     (no gloves)
SustAt .         Harm     .     (no boots)
MR     .....                    j - amulet of magic regeneration (curse)
Stlth  ..........               (no ring)
                                (no ring)

@: slowed, very slow, not resistant to hostile enchantments, extremely
unstealthy
A: retaliatory headbutt, horns 2
a: no special abilities


You were on level 3 of the Dungeon.
You were not hungry.

You visited 1 branch of the dungeon, and saw 3 of its levels.

You collected 165 gold pieces.

Inventory:

Hand Weapons
 a - a +0 trident (weapon)
Armour
 c - a +0 shield (worn)
 h - a +0 chain mail (worn)
 n - a +0 cloak (worn)
Jewellery
 j - a cursed amulet of magic regeneration (around neck)
Wands
 o - a wand of polymorph (11/24)
Scrolls
 b - 5 scrolls of identify {unknown}
 e - 3 scrolls of recharging {unknown}
 i - a scroll of teleportation {unknown}
 k - a scroll of enchant armour {unknown}
 q - a scroll of enchant weapon {unknown}
Potions
 d - a potion of might
 g - a potion of heal wounds {unknown}
 l - 4 potions of curing {unknown}
 m - a potion of lignification {unknown}
 r - a potion of mutation {unknown}
Comestibles
 f - 2 bread rations
 p - 9 chunks of flesh


   Skills:
 + Level 4.3 Fighting
 + Level 3.3 Polearms
 + Level 4.3 Armour
 - Level 3.9 Shields


You had 2 spell levels left.
You didn't know any spells.

Dungeon Overview and Level Annotations

Branches:
Dungeon (3/15)

Altars:
Trog

Annotations:
D:3 Natasha


Innate Abilities, Weirdness & Mutations

You reflexively headbutt those who attack you in melee.
You have a pair of horns on your head.


Message History

Natasha casts a spell.
You block Natasha's attack.
The shadow imp hits you but does no damage.
The crimson imp hits you but does no damage.
Natasha howls an incantation.
You feel troubled. Natasha claws you.
* * * LOW HITPOINT WARNING * * *
You closely miss Natasha.
Natasha is almost dead.
Natasha claws you.
* * * LOW HITPOINT WARNING * * *
The shadow imp gestures at you. Pain shoots through your body!
* * * LOW HITPOINT WARNING * * *
The crimson imp hits you but does no damage.
You block Natasha's attack. The shadow imp gestures at you.
Pain shoots through your body!
You die...

######..
#(.....##
+.......# #.
#.......## #.
#......... ## #.
#..5....# ..
#.##5h5....##
#.##.#..@......#
#........###....
.###...%..## .
#...รท.....#
#.#..##._....
###.#..##...##..
#<#....##..## .
#.###..#...#
#............


You could see an iron imp, Natasha, a crimson imp and a shadow imp.

Vanquished Creatures
  Natasha (D:3)
  An adder (D:2)
  2 giant cockroaches (D:1)
  3 goblins
  3 hobgoblins
  A quokka (D:2)
  A ball python (D:2)
  4 bats (D:1)
  A giant newt (D:1)
  4 kobolds
  8 rats
29 creatures vanquished.

Notes
Turn   | Place    | Note
--------------------------------------------------------------
     0 | D:1      | tof the Minotaur Fighter began the quest for the Orb.
     0 | D:1      | Reached XP level 1. HP: 19/19 MP: 0/0
   537 | D:1      | Reached XP level 2. HP: 25/27 MP: 1/1
   695 | D:1      | Reached skill level 4 in Fighting
  1256 | D:2      | Reached XP level 3. HP: 33/33 MP: 2/2
  1495 | D:3      | Noticed Natasha
  1501 | D:3      | Killed Natasha
  1504 | D:3      | Found a bloodstained altar of Trog.
  1576 | D:3      | Noticed Natasha
  1586 | D:3      | Killed from afar by a shadow imp

Vault maps used:
D:1:      minmay_arrival_nine_rooms
D:2:      first_bread, minmay_door_square
D:3:      grunt_ministairs_3, trog_three_pillars_becter, uniq_natasha,
          uniq_jessica

Action                   || total
-------------------------++-------
Melee: Trident           ||   114
  Eat: Chunk             ||     2
